 Dungeon Crawl Stone Soup version 0.30.0-11-gf55b779eaf (webtiles) character file.

Game seed: 14736224412298525742

84 monsoonserge the Sneak (level 4, -3/30 HPs)
             Began as a Formicid Enchanter on May 16, 2023.
             Slain by a gnoll
             ... wielding a +0 whip
              (6 damage)
             ... on level 3 of the Dungeon.
             The game lasted 00:06:21 (1682 turns).

monsoonserge the Sneak (Formicid Enchanter)         Turns: 1682, Time: 00:06:22

Health: -3/30      AC:  4    Str: 12    XL:     4   Next: 74%
Magic:  5/7        EV:  9    Int: 17    God:
Gold:   99         SH:  8    Dex: 14    Spells: 2/7 levels left

rFire   . . .        q - +1 dagger (drain)
rCold   . . .        g - +0 kite shield
rNeg    . . .        p - +0 leather armour
rPois   .            (helmet unavailable)
rElec   .            (no cloak)
rCorr   .            d - +0 pair of gloves
SInv    +            (no boots)
Will    .....        (no amulet)
Stlth   +++          (no ring)
HPRegen 0.25/turn    (no ring)
MPRegen 0.10/turn

%: no passive effects
@: studying Long Blades, invisible
A: permanent stasis, dig shafts and tunnels, antennae 3, four strong arms
a: Dig, Shaft Self


You were on level 3 of the Dungeon.
You visited 1 branch of the dungeon, and saw 3 of its levels.

You collected 99 gold pieces.

Inventory:

Hand Weapons
 n - the +1 spear "Emoxt" {flame, rElec rF+ rC+}
   (You found it on level 2 of the Dungeon)

   rF:        It protects you from fire.
   rC:        It protects you from cold.
   rElec:     It insulates you from electricity.
 q - a +1 dagger of draining (weapon)
Missiles
 a - 2 boomerangs (quivered)
Armour
 b - a +0 robe
 d - a +0 pair of gloves (worn)
 g - a +0 kite shield (worn)
 p - a +0 leather armour (worn)
Scrolls
 h - 2 scrolls of identify {unknown}
 i - 4 scrolls of teleportation {unknown}
 k - a scroll of fog {unknown}
 m - a scroll of enchant weapon {unknown}
 o - a scroll of vulnerability {unknown}
Potions
 c - a potion of invisibility
 e - a potion of degeneration {unknown}
 f - 2 potions of brilliance {unknown}
 j - 3 potions of attraction {unknown}
 l - a potion of might {unknown}


   Skills:
 + Level 1.2 Short Blades
 * Level 0.1 Armour
 + Level 2.0 Dodging
 + Level 4.7 Stealth
 * Level 2.2 Shields
 + Level 2.3 Spellcasting
 * Level 4.2 Hexes
 * Level 0.9 Ice Magic


You had 2 spell levels left.
You knew the following spells:

 Your Spells              Type           Power      Damage    Failure   Level
a - Ensorcelled Hibernat  Hex/Ice        20%        N/A       45%         2
b - Confusing Touch       Hex            16%        N/A       45%         3

Your spell library contained the following spells:

 Spells                   Type           Power      Damage    Failure   Level
 Necrotise                Necr           4%         1d4       71%         1
 Tukima's Dance           Hex            16%        N/A       45%         3
 Dazzling Flash           Conj/Hex       18%        N/A       77%         3
 Vampiric Draining        Necr           1%         2d6       97%         3
 Agony                    Necr           1%         N/A       100%        5


Dungeon Overview and Level Annotations

Branches:
Dungeon (3/15)

Altars:
Qazlal


Innate Abilities, Weirdness & Mutations

You cannot be hasted, slowed, berserked, paralysed or teleported.
You can dig through walls and to a lower floor.
You have a pair of large antennae on your head. (SInv)
Your four strong arms can wield two-handed weapons with a shield.


Message History

A gnoll comes into view. It is wielding a +0 spear.
A gnoll comes into view. It is wielding a +0 whip.
A gnoll comes into view. It is wielding a +0 club.
The gnoll shouts! x2
The gnoll shouts!
You hit the gnoll.
The gnoll is moderately wounded.
The gnoll hits you from afar with a +0 spear!
The gnoll hits you with a +0 whip.
Casting: Ensorcelled Hibernation (quite dangerous; 45% risk of failure)
Confirm with . or Enter, or press ? or * to list all spells.
The spell is quite dangerous to miscast (45% risk of failure)!
Continue anyway?
Okay, then.
Casting: Ensorcelled Hibernation (quite dangerous; 45% risk of failure)
Confirm with . or Enter, or press ? or * to list all spells.
The spell is quite dangerous to miscast (45% risk of failure)!
Continue anyway? [Y]es or [N]o only, please.
The spell is quite dangerous to miscast (45% risk of failure)!
Continue anyway?
Okay, then.
Unknown command.
Casting: Ensorcelled Hibernation (quite dangerous; 45% risk of failure)
Confirm with . or Enter, or press ? or * to list all spells.
The spell is quite dangerous to miscast (45% risk of failure)!
Continue anyway?
Okay, then.
You aren't carrying any items that you can evoke.
Casting: Ensorcelled Hibernation (quite dangerous; 45% risk of failure)
Confirm with . or Enter, or press ? or * to list all spells.
The spell is quite dangerous to miscast (45% risk of failure)!
Continue anyway?
Aiming: Ensorcelled Hibernation (quite dangerous; 45% risk of failure)
Press: ? - help, Shift-Dir - straight line, f - gnoll
Aim: a gnoll, wielding a +0 club (chance to affect: 52%)
The gnoll resists with significant effort.
The gnoll hits you from afar with a +0 spear.
The gnoll hits you with a +0 club.
* * * LOW HITPOINT WARNING * * *
The gnoll hits you with a +0 whip.
* * * LOW HITPOINT WARNING * * *
You fade into invisibility!
You block the gnoll's attack. x2; The gnoll hits you with a +0 whip.
You die...

.... .... ##### §o.. #...#
§... #...# .... #...# ..§.
#.g.# .... #g..# ####
#@g.+ .. #...# { .#. #...#
#. #...# #. #.#...# .)
#.....#
#################.#####K..
#............#........'...
#............#.##.#####...


You could see 3 gnolls.

Vanquished Creatures
  An orc priest (D:3)
  An adder (D:2)
  A dart slug (D:2)
  5 ball pythons
  7 endoplasms
  3 giant cockroaches
  3 goblins (D:1)
  4 hobgoblins
  2 quokkas
  4 bats
  7 kobolds
  6 rats
44 creatures vanquished.

Vanquished Creatures (others)
  A quokka (D:3)
1 creature vanquished.

Grand Total: 45 creatures vanquished

Notes
Turn   | Place    | Note
-------+----------+-------------------------------------------
     0 | D:1      | monsoonserge the Formicid Enchanter began the quest for the
                  | Orb.
     0 | D:1      | Reached XP level 1. HP: 13/13 MP: 3/3
   155 | D:1      | Reached skill level 1 in Shields
   155 | D:1      | Reached XP level 2. HP: 19/19 MP: 5/5
   170 | D:1      | Learned a level 2 spell: Ensorcelled Hibernation
   339 | D:1      | Reached XP level 3. HP: 16/24 MP: 1/6
   374 | D:1      | Learned a level 3 spell: Confusing Touch
   694 | D:2      | Identified the +1 spear "Emoxt" {flame, rElec rF+ rC+}
  1155 | D:2      | Reached XP level 4. HP: 14/26 MP: 7/7
  1449 | D:3      | Found a stormy altar of Qazlal.
  1682 | D:3      | Slain by a gnoll

Illustrated notes

Levels and vault maps discovered:
D:1:      dpeg_arrival_tiny_j, layout_loops_ring
D:2:      layout_loops_ring
D:3:      layout_basic, elyvilon_altar_4, kiku_gazebo_garden_becter,
          nicolae_qazlal_scattered_showers, uniq_robin

Skill      XL: |  1  2  3  4 |
---------------+-------------+-----
Shields        | 1 2 |  2.2
Stealth        | 4 |  4.7
Dodging        | 2 |  2.0
Hexes          | 4 |  4.2
Short Blades   | |  1.2
Armour         | |  0.1
Spellcasting   | |  2.3
Ice Magic      | |  0.9

Action                     |  1- 3 |  4- 6 || total
---------------------------+-------+-------++-------
  Melee: Dagger            |   114 |    23 ||   137
   Cast: Ensorcelled Hiber |     7 |     2 ||     9
    Use: Potion            |       |     1 ||     1
   Stab: Sleeping          |    16 |     2 ||    18
 Armour: Robe              |    24 |       ||    24
         Leather armour    |     8 |     7 ||    15
  Dodge: Dodged            |    54 |    10 ||    64
  Block: Kite shield       |    53 |    11 ||    64
